Map: Lerilak Crest

Players

NXZ

  • Race: Zerg Zerg

Vaisravana - Winner!

  • Race: Zerg Zerg
  • League: Master

Event: NationWars III

VOD

Have the link to the VOD?

Description

Time

  • Played on: Nov. 21, 2015, 2:08 p.m.
  • Length: 3:32

All games in this series

Show
View Real Time Build Order
Export as new Build Order

NXZ Zerg 

Build Orders: Hatch First 

Get SALT Encoding   

  12  0:01  Drone  
  13  0:13  Overlord  
  13  0:17  Drone  
  14  0:31  Drone x2  
  14  0:35  Drone  
  17  0:52  Hatchery  
  17  0:54  Drone  
  17  0:58  Drone  
  17  1:00  Extractor  
  17  1:14  Spawning Pool  
  17  1:17  Drone  
  17  1:20  Drone  
  18  1:28  Drone  
  19  1:39  Overlord  
  19  2:01  Zergling x2, Queen  
  19  2:02  Metabolic Boost, Zergling x2  
  19  2:04  Queen  
  26  2:08  Drone  
  26  2:12  Drone  
  27  2:18  Overlord  
  27  2:28  Drone  
  27  2:29  Drone  
  29  2:34  Baneling Nest, Zergling x2  
  29  2:40  Spine Crawler  
  28  2:45  Zergling x2  
  27  2:53  Zergling x4  
  27  2:55  Zergling x2  
  29  2:58  Zergling x2  
  29  3:03  Spine Crawler  
  25  3:10  Zergling x2  
  18  3:14  Zergling x2  
Show
View Real Time Build Order
Export as new Build Order

Vaisravana Zerg - Winner!

Build Orders: Pool Only 

Get SALT Encoding   

  12  0:00  Drone  
  13  0:14  Extractor  
  12  0:26  Spawning Pool  
  12  0:28  Drone  
  12  0:33  Drone  
  13  0:38  Drone  
  14  0:49  Overlord  
  14  1:12  Zergling x4  
  14  1:14  Metabolic Boost  
  16  1:23  Queen  
  18  1:28  Zergling x2  
  19  1:39  Baneling Nest  
  18  1:44  Zergling x2  
  19  1:47  Zergling x2  
  19  1:51  Zergling x2  
  21  1:56  Zergling x2  
  22  2:06  Overlord  
  22  2:26  Zergling x2  
  23  2:30  Baneling x4  
  23  2:32  Zergling x4  
  23  2:34  Zergling x2  
  26  2:38  Zergling x2  
  27  2:47  Zergling x2  
  28  2:52  Zergling x2  
  28  3:09  Zergling x2  
  28  3:10  Zergling x2  
Tags
 
Add a new tag
Caveats
  • Supply blocks, unpowered buildings, or Contaminate may cause inaccurate times.
  • Supply counts are checked every 10 seconds.